 Dungeon Crawl Stone Soup version 0.27-a0-1281-ge233d83751 (webtiles) character file.

Game seed: 8902385411920889412

75362 Delamore the Impaler (level 15, 0/126 HPs)
             Began as a Formicid Fighter on June 14, 2021.
             Was an Initiate of Gozag.
             Slain by a skeletal warrior (23 damage)
             ... led by a skeletal warrior
             ... on level 13 of the Dungeon.
             The game lasted 00:28:25 (22014 turns).

Delamore the Impaler (Formicid Fighter)            Turns: 22014, Time: 00:28:26

Health: 0/126      AC: 20    Str: 32    XL:     15   Next: 97%
Magic:  15/15      EV: 12    Int:  7    God:    Gozag
Gold:   892        SH: 12    Dex: 11    Spells: 14/14 levels left

rFire    + . .     SeeInvis +   N - +3 halberd (vorpal)
rCold    . . .     Faith    .   u - +0 kite shield {AC+3}
rNeg     + + .     Spirit   .   T - +3 ring mail of Cerphy {rF+ rN+ Will+}
rPois    +         Reflect  .   (helmet unavailable)
rElec    .         Harm     .   P - +2 ratskin cloak {*Rats rPois rN+ Str-1 Int-1 Dex+1}
rCorr    +         Rampage  .   q - +1 pair of gloves
Will     ++...                  o - +0 pair of boots
Stlth    +.........             x - amulet of regeneration
HPRegen  1.31/turn              z - ring of resist corrosion
MPRegen  0.14/turn              Q - +6 ring of strength

@: gold aura
A: permanent stasis, dig shafts and tunnels, antennae 3, four strong arms
a: Dig, Shaft Self, Renounce Religion, Potion Petition, Call Merchant, Bribe
Branch


You were on level 13 of the Dungeon.
You worshipped Gozag.
Gozag was pleased with you.
You visited 4 branches of the dungeon, and saw 22 of its levels.

You collected 6521 gold pieces.
You spent 893 gold pieces at shops.
You paid 4736 gold pieces to Gozag.

Inventory:

Hand Weapons
 a - a +0 trident of freezing
 n - a +0 glaive
 N - a +3 vorpal halberd (weapon)
 Z - a +2 trident of venom
Missiles
 f - 96 poisoned darts (quivered)
 p - 15 javelins
 H - 21 boomerangs
 O - 5 curare-tipped darts
Armour
 o - a +0 pair of boots (worn)
 q - a +1 pair of gloves (worn)
 u - a +0 kite shield of protection (worn)
 P - the +2 ratskin cloak (worn) {*Rats rPois rN+ Str-1 Int-1 Dex+1}
   (You found it on level 2 of the Lair of Beasts)

   It affects your strength (-1).
   It affects your intelligence (-1).
   It affects your dexterity (+1).
   It protects you from poison.
   It protects you from negative energy.
 T - the +3 ring mail of Cerphy (worn) {rF+ rN+ Will+}
   (You found it on level 5 of the Lair of Beasts)

   It protects you from fire.
   It protects you from negative energy.
   It increases your willpower.
Jewellery
 x - an amulet of regeneration (around neck)
 z - a ring of resist corrosion (left hand)
 A - a ring of ice
 Q - a +6 ring of strength (right hand)
Wands
 b - a wand of flame (42)
 j - a wand of iceblast (14)
 s - a wand of paralysis (6)
 F - a wand of mindburst (6)
 S - a wand of digging (5)
 W - a wand of acid (3)
Scrolls
 g - a scroll of silence
 i - 5 scrolls of enchant armour
 v - 3 scrolls of holy word
 y - 3 scrolls of fog
 C - a scroll of summoning
 D - 4 scrolls of amnesia
 E - 3 scrolls of fear
 G - 2 scrolls of noise
 J - a scroll of identify
 M - 2 scrolls of magic mapping
 V - 2 scrolls of enchant weapon
Potions
 d - 8 potions of might
 e - 3 potions of cancellation
 h - 5 potions of curing
 k - 6 potions of mutation
 m - 3 potions of heal wounds
 r - 6 potions of degeneration
 t - 5 potions of brilliance
 B - 4 potions of flight
 Y - a potion of attraction
Miscellaneous
 c - a lightning rod (4/4)
 l - a box of beasts
 I - a condenser vane
 L - a tin of tremorstones (2/2)


   Skills:
 + Level 14.0 Fighting
 - Level 16.0 Polearms
 - Level 10.0 Throwing
 - Level 10.0 Armour
 - Level 5.0 Dodging
 - Level 7.0 Shields
 - Level 10.0 Evocations


You had 14 spell levels left.
You didn't know any spells.
Your spell library contained the following spells:

 Spells                   Type           Power      Damage    Failure   Level
 Animate Skeleton         Necr           0%         N/A       67%         1
 Apportation              Tloc           0%         N/A       67%         1
 Corona                   Hex            0%         N/A       67%         1
 Pain                     Necr           0%         1d4       67%         1
 Summon Small Mammal      Summ           0%         N/A       67%         1
 Call Imp                 Summ           0%         N/A       80%         2
 Ensorcelled Hibernation  Hex/Ice        0%         N/A       80%         2
 Call Canine Familiar     Summ           0%         N/A       95%         3
 Confusing Touch          Hex            0%         N/A       95%         3
 Dazzling Flash           Conj/Hex       0%         N/A       95%         3
 Summon Guardian Golem    Hex/Summ       0%         N/A       95%         3
 Tukima's Dance           Hex            0%         N/A       95%         3
 Vampiric Draining        Necr           0%         2d6       95%         3
 Animate Dead             Necr           0%         N/A       100%        4
 Cause Fear               Hex            0%         N/A       100%        4
 Summon Ice Beast         Ice/Summ       0%         N/A       100%        4
 Summon Lightning Spire   Summ/Air       0%         N/A       100%        4
 Agony                    Necr           0%         N/A       100%        5
 Borgnjor's Vile Clutch   Necr/Erth      0%         N/A       100%        5
 Silence                  Hex/Air        0%         N/A       100%        5
 Yara's Violent Unravell  Hex/Tmut       0%         3d3       100%        5
 Death Channel            Necr           0%         N/A       100%        6
 Simulacrum               Ice/Necr       0%         N/A       100%        6
 Discord                  Hex            0%         N/A       100%        8


Dungeon Overview and Level Annotations

Branches:
Dungeon (13/15)            Temple (1/1) D:7            Lair (6/6) D:9
  Swamp (0/4) Lair:3        Snake (0/4) Lair:4        Slime (0/5) Lair:5
    Orc (2/2) D:10            Elf (0/3) Orc:2
 Vaults: D:13-14

Altars:
Ashenzari
Cheibriados
Dithmenos
Gozag
Kikubaaqudgha
Makhleb
Nemelex Xobeh
Qazlal
Ru
Sif Muna
Trog
Vehumet
Wu Jian
Xom
Yredelemnul
Zin

Shops:
D:10 =*(   Orc:2 *[*   Lair:1 (   Lair:4 (

Portals:
Trove: D:10 (give +2 shadow dragon scales)

Annotations:
D:8 2 runed translucent doors


Innate Abilities, Weirdness & Mutations

You cannot be hasted, slowed, berserked, paralysed or teleported.
You can dig through walls and to a lower floor.
You have a pair of large antennae on your head. (SInv)
Your four strong arms can wield two-handed weapons with a shield.


Message History

You block the skeletal warrior's attack. x2
You see here 5 gold pieces.
You closely miss the skeletal warrior.
The skeletal warrior is lightly damaged.
You block the skeletal warrior's attack.
You hit the skeletal warrior.
The skeletal warrior is lightly damaged.
The skeletal warrior hits you with a +0 dire flail!
The skeletal warrior hits you but does no damage.
You barely miss the skeletal warrior.
The skeletal warrior is lightly damaged.
You block the skeletal warrior's attack.
The skeletal warrior hits you with a +0 scimitar!!
You puncture the skeletal warrior!
The skeletal warrior is moderately damaged.
The skeletal warrior hits you with a +0 dire flail!
* * * LOW HITPOINT WARNING * * *
You barely miss the skeletal warrior.
The skeletal warrior is moderately damaged.
The skeletal warrior hits you but does no damage.
You block the skeletal warrior's attack.
You slash the skeletal warrior!
The skeletal warrior is heavily damaged.
You block the skeletal warrior's attack.
You slice the skeletal warrior!!
You destroy the skeletal warrior!
The skeletal warrior hits you with a +0 dire flail!
* * * LOW HITPOINT WARNING * * *
Your Fighting skill increases to level 14!
You block the skeletal warrior's attack.
Things that are here:
6 gold pieces; a +0 scimitar You hit the skeletal warrior.
The skeletal warrior is lightly damaged.
You block the skeletal warrior's attack.
You impale the skeletal warrior!!
The skeletal warrior is severely damaged.
The skeletal warrior hits you with a +0 dire flail!!
You die...
Your body crumbles into a pile of gold.

..# ##.# +..# $ #..# #..#
######### #..# #.....$@#
###..#####.#####z## #
.............##..$#.#.##
###..###...#.##...$......
(....# #.<.#..'..........
##.#.###...####...#.#.#..
............[ +...'..}[.
##.#....#..####...#.#.#..
...#....#..# #.......# .


You could see a skeletal warrior.

Vanquished Creatures
  An orc warlord (D:10)
  Erolcha (D:12)
  A boulder beetle (D:13)
  10 hydras
  3 catoblepae
  3 two-headed ogres (D:12)
  13 death yaks
  A deep troll shaman (Lair:6)
  5 orc high priests
  Sonja (Lair:3)
  3 skeletal warriors (D:13)
  A lindwurm (Lair:6)
  A bog body (Lair:3)
  6 orc sorcerers
  A cyclops (Orc:2)
  5 orc knights (Orc:2)
  2 ugly things
  4 elephants (Lair:6)
  2 black mambas
  A torpor snail (Lair:6)
  Maggie (Lair:1)
  3 gargoyles
  11 cane toads
  4 komodo dragons
  An unseen horror (D:12)
  4 kobold demonologists
  3 polar bears
  A hornet (D:7)
  4 trolls
  19 blink frogs
  8 slime creatures
  9 dream sheep
  4 wraiths
  61 yaks
  2 wyverns
  3 vampire mosquitoes (D:13)
  5 basilisks
  5 wargs
  2 steam dragons
  13 water moccasins
  2 acid dragons
  27 orc warriors
  2 hornet zombies
  9 ogres
  A sky beast (D:7)
  11 black bears
  A necrophage (D:6)
  10 centaurs
  A phantom (D:6)
  10 wolves
  4 kobold brigands
  15 bullfrogs
  A scorpion (D:7)
  A killer bee (D:8)
  8 howler monkeys
  A wight (D:8)
  5 electric eels (D:10)
  5 centaur zombies
  A bullfrog zombie (D:5)
  3 jellies
  A bullfrog skeleton (D:5)
  18 orc priests
  Crazy Yiuf (D:4)
  2 hounds
  A gnoll shaman (D:6)
  Natasha (twice) (D:3)
  An iguana (D:5)
  31 orc wizards
  2 killer bee zombies
  A hound skeleton (D:5)
  A howler monkey zombie (D:9)
  8 gnolls
  7 adders
  3 worms (D:3)
  4 dart slugs
  77 orcs
  3 endoplasms (D:1)
  2 giant cockroaches
  8 goblins
  7 hobgoblins
  10 jackals
  A quokka (D:4)
  9 ball pythons
  6 bats
  4 frilled lizards
  14 kobolds
  3 rats
573 creatures vanquished.

Vanquished Creatures (collateral kills)
  A blink frog (Lair:5)
  A yak (Lair:3)
  A bullfrog (Lair:3)
3 creatures vanquished.

Vanquished Creatures (others)
  A kobold brigand (D:8)
  An orc (D:8)
  22 fungi
  42 plants
66 creatures vanquished.

Grand Total: 642 creatures vanquished

Notes
Turn   | Place    | Note
-------+----------+-------------------------------------------
     0 | D:1      | Delamore the Formicid Fighter began the quest for the Orb.
     0 | D:1      | Reached XP level 1. HP: 18/18 MP: 1/1
    41 | D:1      | Reached XP level 2. HP: 19/24 MP: 2/2
   138 | D:1      | Found a faded altar of an unknown god.
   156 | D:1      | Became a worshipper of Vehumet
   156 | D:1      | Reached * piety under Vehumet
   156 | D:1      | Offered knowledge of Magic Dart by Vehumet.
   267 | D:1      | Reached XP level 3. HP: 22/30 MP: 3/3
   268 | D:1      | Reached skill level 3 in Polearms
  1030 | D:2      | Found a stormy altar of Qazlal.
  1156 | D:2      | Reached XP level 4. HP: 20/37 MP: 4/4
  1446 | D:2      | Offered knowledge of Sandblast by Vehumet.
  1451 | D:2      | Reached ** piety under Vehumet
  1926 | D:3      | Reached skill level 4 in Polearms
  1984 | D:3      | Reached XP level 5. HP: 42/42 MP: 5/5
  2200 | D:3      | Offered knowledge of Searing Ray by Vehumet.
  2294 | D:3      | Noticed Natasha
  2312 | D:3      | Killed Natasha
  2569 | D:3      | Noticed Natasha
  2577 | D:3      | Killed Natasha
  2578 | D:3      | Reached XP level 6. HP: 40/49 MP: 6/6
  2668 | D:3      | Reached skill level 5 in Polearms
  3220 | D:4      | Reached *** piety under Vehumet
  3300 | D:4      | Reached skill level 5 in Fighting
  3741 | D:4      | Found a runed translucent door.
  3742 | D:4      | Noticed Crazy Yiuf
  3750 | D:4      | Killed Crazy Yiuf
  3797 | D:5      | Entered Level 5 of the Dungeon
  3800 | D:5      | Noticed a water moccasin
  3808 | D:5      | Killed a water moccasin
  3809 | D:5      | Reached skill level 6 in Polearms
  3809 | D:5      | Reached XP level 7. HP: 56/56 MP: 7/7
  3858 | D:5      | Reached skill level 7 in Polearms
  3991 | D:5      | Reached XP level 8. HP: 62/62 MP: 8/8
  4262 | D:5      | Reached skill level 8 in Polearms
  4674 | D:6      | Reached skill level 9 in Polearms
  4881 | D:6      | Offered knowledge of Ignite Poison by Vehumet.
  5309 | D:6      | Reached skill level 10 in Polearms
  5395 | D:6      | Identified a scroll of acquirement
  5395 | D:6      | Acquired 440 gold pieces
  5436 | D:7      | Reached XP level 9. HP: 68/68 MP: 9/9
  5474 | D:7      | Noticed a hornet
  5482 | D:7      | Killed a hornet
  5577 | D:7      | Found a staircase to the Ecumenical Temple.
  5594 | Temple   | Entered the Ecumenical Temple
  5598 | Temple   | Fell from the grace of Vehumet
  5598 | Temple   | Became a worshipper of Gozag Ym Sagoz the Greedy
  5712 | D:7      | Reached skill level 11 in Polearms
  7123 | D:8      | Reached skill level 12 in Polearms
  7248 | D:8      | Found a snail-covered altar of Cheibriados.
  7271 | D:8      | Reached XP level 10. HP: 74/74 MP: 10/10
  7308 | D:8      | Found a large runed translucent door.
  7308 | D:8      | Found a large runed translucent door.
  7343 | D:8      | Reached skill level 1 in Throwing
  7352 | D:8      | Reached skill level 1 in Dodging
  8090 | D:8      | Found a large runed translucent door.
  8090 | D:8      | Found a large runed translucent door.
  8239 | D:8      | Noticed a cyan ugly thing
  8260 | D:8      | Killed a cyan ugly thing
  8261 | D:8      | Reached skill level 5 in Shields
  9231 | D:9      | Reached skill level 13 in Polearms
  9231 | D:9      | Reached skill level 5 in Armour
  9300 | D:9      | Reached XP level 11. HP: 73/79 MP: 11/11
  9395 | D:9      | Found a staircase to the Lair.
  9641 | D:10     | Entered Level 10 of the Dungeon
  9714 | D:10     | Found a staircase to the Orcish Mines.
 10040 | D:10     | Found a portal to a secret trove of treasure.
 10918 | Lair:1   | Entered Level 1 of the Lair of Beasts
 10933 | Lair:1   | Noticed a six-headed hydra
 10942 | Lair:1   | Killed a six-headed hydra
 11018 | Lair:1   | Reached skill level 1 in Evocations
 11144 | Lair:1   | Reached skill level 5 in Throwing
 11163 | Lair:1   | Reached skill level 14 in Polearms
 11236 | Lair:1   | Reached XP level 12. HP: 86/86 MP: 12/12
 11272 | Lair:1   | Noticed a six-headed hydra
 11282 | Lair:1   | Killed a six-headed hydra
 11283 | Lair:1   | Reached skill level 5 in Dodging
 11331 | Lair:1   | Noticed a four-headed hydra
 11343 | Lair:1   | Killed a four-headed hydra
 11344 | Lair:1   | Reached skill level 5 in Evocations
 11546 | Lair:1   | Noticed Maggie
 11553 | Lair:1   | Killed Maggie
 12162 | Lair:1   | Bought a glowing halberd for 189 gold pieces
 12242 | Lair:2   | Noticed a catoblepas
 12258 | Lair:2   | Killed a catoblepas
 12385 | Lair:2   | Noticed a six-headed hydra
 12402 | Lair:2   | Killed a six-headed hydra
 12849 | Lair:2   | Found the +2 ratskin cloak {*Rats rPois rN+ Str-1 Int-1
                  | Dex+1}
 13156 | Lair:3   | Was forgiven by Vehumet
 13231 | Lair:3   | Reached XP level 13. HP: 39/92 MP: 13/13
 13381 | Lair:3   | Noticed a six-headed hydra
 13396 | Lair:3   | Killed a six-headed hydra
 13780 | Lair:3   | Reached skill level 10 in Evocations
 13836 | Lair:3   | Noticed Sonja
 13844 | Lair:3   | Killed Sonja
 14006 | Lair:3   | Found a staircase to the Swamp.
 14264 | Lair:4   | Reached skill level 15 in Polearms
 14317 | Lair:4   | Found a staircase to the Snake Pit.
 14352 | Lair:4   | Noticed an eight-headed hydra
 14364 | Lair:4   | Killed an eight-headed hydra
 14407 | Lair:4   | Noticed a seven-headed hydra
 14418 | Lair:4   | Killed a seven-headed hydra
 14491 | Lair:4   | Identified the +1 ring mail "Uxemnumi" {Regen+}
 14814 | Lair:4   | Reached XP level 14. HP: 82/109 MP: 14/14
 15491 | Lair:5   | Reached skill level 10 in Fighting
 15620 | Lair:5   | Found a staircase to the Slime Pits.
 15946 | Lair:5   | Identified the +3 ring mail of Cerphy {rF+ rN+ Will+}
 16602 | Lair:6   | Entered Level 6 of the Lair of Beasts
 16611 | Lair:6   | Reached skill level 16 in Polearms
 18039 | Lair:6   | Reached XP level 15. HP: 116/120 MP: 15/15
 18281 | Orc:1    | Entered Level 1 of the Orcish Mines
 18432 | Orc:1    | Noticed an orc warlord
 18511 | D:10     | Killed an orc warlord
 19242 | Orc:2    | Entered Level 2 of the Orcish Mines
 19243 | Orc:2    | Found a staircase to the Elven Halls.
 19755 | Orc:2    | Found Hiuw's Assorted Antiques.
 19873 | Orc:2    | Reached skill level 10 in Armour
 19943 | Orc:2    | Found Peobriem's Antique Armour Boutique.
 19957 | Orc:2    | Found Daqaun's Assorted Antiques.
 19959 | Orc:2    | Found Essaolull's Assorted Antiques.
 20540 | D:10     | Bought a potion of might for 64 gold pieces
 20540 | D:10     | Bought a phantom mirror for 640 gold pieces
 21375 | D:12     | Reached skill level 10 in Throwing
 21502 | D:12     | Identified the +6 quarterstaff of Tewkint {venom, rElec
                  | rPois Int+3}
 21574 | D:12     | Noticed Erolcha
 21581 | D:12     | Killed Erolcha
 21739 | D:12     | Identified the +1 leather armour of Konekk {Will+ Slay+2}
 22014 | D:13     | Slain by a skeletal warrior

Illustrated notes

Levels and vault maps discovered:
D:1:      dpeg_arrival_yet_another_circle, layout_loops_ring,
          basic_ecumenical_altar
D:2:      layout_rooms, basic_altar, kennysheep_cross_room, minmay_circle_x
D:3:      layout_basic, st_stairs_11, uniq_natasha
D:4:      layout_loops_corners, item_on_display_a, uniq_crazy_yiuf_cottage
D:5:      layout_cave_pools, minivault_19, kennysheep_generic_room_8
D:6:      layout_layer_cave, hellmonk_bongcloud_opening
D:7:      layout_cave_pools, temple_hall
D:8:      layout_gridville, cheibriados_altar_2, minmay_hollow_rounded_squares
D:9:      layout_basic, grunt_lair_entry_orc_guard_hut
D:10:     layout_basic, david_orc_3, enter_trove_2, serial_bayou_lake_a
D:11:     layout_loops_ring
D:12:     layout_big_octagon, uniq_erolcha
D:13:     layout_basic
Temple:   dpeg_three_leaves_temple
Lair:1:   layout_chaotic_city, chequers_serial_rivers_small_a,
          beast_lair_carwin_10, grunt_megastairs_4, uniq_maggie
Lair:2:   layout_regular_city
Lair:3:   layout_regular_city, skrybe_swamp_entry_bodies,
          grunt_forest_small_clearing_treed, uniq_sonja
Lair:4:   layout_loops_ring, dummy_snake_entry, lemuel_fruit_tree,
          wad_woods_river_01
Lair:5:   layout_layer_cave, minmay_slime_entry_pillars
Lair:6:   grunt_lair_end_beastmaster, layout_gridlike, st_stairs_10,
          infiniplex_staircase_pool_2
Orc:1:    layout_caves
Orc:2:    st_orc_elflike, layout_caves, nicolae_orc_pool_cavern

Skill      XL: |  1  2  3  4  5  6  7  8  9 10 11 12 13 14 15 |
---------------+----------------------------------------------+-----
Polearms       | 3 4 6 7 10 12 13 14 15 16 | 16.0
Fighting       | 4 5 9 11 14 | 14.0
Throwing       | 3 5 6 8 10 | 10.0
Shields        | 5 7 |  7.0
Dodging        | 2 4 5 |  5.0
Armour         | 5 6 8 10 | 10.0
Evocations     | 2 9 10 | 10.0

Action                   |  1- 3 |  4- 6 |  7- 9 | 10-12 | 13-15 || total
-------------------------+-------+-------+-------+-------+-------++-------
Melee: Trident           |    95 |   206 |   279 |   747 |   989 ||  2316
       Halberd           |       |       |       |    27 |   510 ||   537
Throw: Dart              |       |    28 |    36 |    62 |    21 ||   147
Invok: Potion Petition   |       |       |     1 |     1 |       ||     2
       Call Merchant     |       |       |       |     2 |     3 ||     5
 Abil: Dig               |     2 |     2 |     2 |    13 |     7 ||    26
Evoke: Wand              |       |     1 |     4 |    20 |     6 ||    31
       Condenser vane    |       |       |       |     1 |     2 ||     3
       Tin of tremorston |       |       |       |       |     4 ||     4
       Lightning rod     |       |       |       |       |     3 ||     3
  Use: Scroll            |     2 |    10 |     7 |     3 |     5 ||    27
       Potion            |       |       |       |     1 |       ||     1
 Stab: Paralysed         |       |     4 |    10 |     3 |     3 ||    20
       Distracted        |       |       |       |     2 |    13 ||    15
Armor: Scale mail        |    24 |    30 |       |   170 |    84 ||   308
       Chain mail        |       |    32 |   118 |    55 |       ||   205
       Ring mail         |       |       |       |       |   273 ||   273
Dodge: Dodged            |    20 |    45 |    55 |   181 |   335 ||   636
Block: Kite shield       |    29 |   103 |   122 |   287 |   537 ||  1078

Table legend: (Time is in decaauts)
 A = Elapsed time spent in this place.
 B = Non-inter-level travel time spent in this place.
 C = Inter-level travel time spent in this place.
 D = Time resting spent in this place.
 E = Time spent auto-exploring this place.
 F = Levels seen in this place.
 G = Mean time per level.
                   A        B        C        D        E       F      G
               +--------+--------+--------+--------+--------+-----+--------+
         Total |  21525 |  20476 |   1049 |   1993 |  14163 |  22 |  978.4 |
       Dungeon |  12778 |  12258 |    520 |   1387 |   8540 |  13 |  982.9 |
        Temple |      7 |      7 |      0 |      0 |      2 |   1 |    7.0 |
          Lair |   6917 |   6603 |    314 |    454 |   4728 |   6 | 1152.8 |
  Orcish Mines |   1821 |   1606 |    215 |    152 |    892 |   2 |  910.5 |
               +--------+--------+--------+--------+--------+-----+--------+

Top non-repeatable levels by time:
     D:8: 2409 daAuts
    D:10: 1611 daAuts
  Lair:6: 1357 daAuts
  Lair:1: 1239 daAuts
  Lair:5: 1205 daAuts
     D:6: 1205 daAuts
  Lair:4: 1202 daAuts
     D:1: 1155 daAuts
     D:7: 1145 daAuts
   Orc:2: 1128 daAuts
     D:4: 1033 daAuts
  Lair:3: 1007 daAuts
  Lair:2: 904 daAuts
     D:3: 904 daAuts
     D:2: 792 daAuts
